Map: Abyssal Reef LE

Players

iAsonu

  • Race: Zerg Zerg
  • Spawn Location: 11:00

Probe - Winner!

  • Race: Protoss Protoss
  • Spawn Location: 5:00

Event: WCS Austin 2017

VOD

Have the link to the VOD?

Description

Time

  • Played on: April 28, 2017, 8:57 p.m.
  • Length: 14:13

All games in this series

Show
View Real Time Build Order
Export as new Build Order

iAsonu Zerg 

Build Orders: Hatch First, Lurkers 

Get SALT Encoding   

  12  0:00  Drone  
  13  0:12  Overlord  
  13  0:17  Drone  
  14  0:30  Drone  
  14  0:31  Drone  
  14  0:35  Drone  
  17  0:51  Hatchery  
  17  0:55  Drone  
  17  0:57  Drone  
  18  1:09  Extractor  
  17  1:12  Spawning Pool  
  17  1:15  Drone  
  17  1:19  Drone  
  18  1:28  Drone  
  19  1:39  Overlord  
  19  1:50  Drone  
  20  1:59  Queen  
  20  2:00  Zergling x2  
  23  2:03  Queen  
  23  2:04  Zergling x2  
  26  2:08  Metabolic Boost  
  26  2:11  Drone  
  27  2:17  Drone  
  28  2:23  Drone  
  28  2:26  Drone  
  30  2:38  Hatchery  
  30  2:44  Drone  
  30  2:45  Queen  
  30  2:48  Zergling x2  
  33  2:55  Overlord  
  33  2:58  Drone  
  33  3:02  Drone  
  33  3:04  Drone  
  36  3:06  Drone  
  36  3:11  Overlord  
  36  3:15  Drone x2  
  36  3:16  Drone x2  
  36  3:19  Drone  
  40  3:21  Drone  
  40  3:23  Drone  
  42  3:30  Drone  
  42  3:32  Lair  
  42  3:33  Drone  
  44  3:39  Extractor  
  43  3:42  Roach Warren  
  43  3:43  Drone  
  43  3:45  Drone  
  43  3:48  Extractor  
  43  3:49  Drone  
  43  3:50  Drone  
  43  3:51  Drone  
  46  3:56  Drone x3  
  46  3:58  Drone  
  46  4:01  Overlord  
  50  4:05  Drone  
  50  4:06  Drone  
  50  4:07  Drone  
  53  4:11  Overlord  
  53  4:16  Drone x2  
  55  4:17  Drone  
  55  4:21  Drone  
  55  4:24  Roach x2  
  61  4:26  Roach  
  61  4:30  Roach  
  65  4:34  Spore Crawler  
  65  4:35  Overseer  
  65  4:37  Roach x2  
  68  4:39  Drone  
  68  4:40  Drone  
  68  4:43  Overlord  
  70  4:51  Overlord  
  70  4:52  Roach  
  72  4:53  Glial Reconstitution  
  72  4:55  Drone  
  72  4:57  Extractor  
  72  4:58  Drone, Extractor  
  72  4:59  Overlord  
  72  5:01  Roach  
  72  5:02  Roach  
  72  5:03  Drone  
  72  5:05  Drone x2  
  79  5:09  Overlord  
  79  5:11  Roach  
  81  5:14  Extractor  
  80  5:23  Drone, Spire  
  78  5:29  Drone x3  
  78  5:33  Overlord  
  78  5:34  Drone  
  78  5:35  Drone x4  
  87  5:42  Drone  
  87  5:43  Drone  
  87  5:45  Overseer  
  87  5:47  Overlord  
  88  5:53  Overlord  
  88  5:55  Drone  
  89  5:57  Overlord  
  89  5:59  Queen  
  89  6:03  Drone, Roach  
  94  6:07  Overlord  
  94  6:10  Overseer  
  94  6:13  Overlord  
  94  6:15  Drone  
  94  6:16  Drone x2  
  96  6:19  Overlord  
  96  6:22  Overlord  
  96  6:25  Drone x2, Hatchery  
  97  6:30  Hydralisk Den  
  96  6:36  Overlord  
  96  6:37  Mutalisk x3  
  96  6:38  Mutalisk  
  104  6:41  Mutalisk  
  104  6:46  Mutalisk  
  104  6:47  Mutalisk  
  106  6:52  Mutalisk x3  
  114  6:59  Evolution Chamber  
  113  7:03  Overlord  
  113  7:04  Drone  
  113  7:05  Drone x5  
  113  7:07  Drone  
  120  7:13  Overlord  
  120  7:14  Lurker Den  
  120  7:19  Roach x4  
  120  7:22  Overlord  
  126  7:30  Overlord  
  122  7:37  Hydralisk  
  122  7:38  Hydralisk x5  
  122  7:39  Zerg Missile Weapons Level 1  
  134  7:45  Hydralisk x4  
  134  7:49  Overlord  
  138  7:55  Drone  
  138  7:56  Drone x6  
  145  7:58  Extractor  
  145  7:59  Extractor  
  143  8:07  Hydralisk x3  
  143  8:12  Queen  
  151  8:17  Overseer  
  151  8:20  Hydralisk x3  
  151  8:25  Overseer  
  157  8:29  Hydralisk  
  157  8:30  Hydralisk x3  
  157  8:32  Overlord  
  165  8:37  Evolution Chamber  
  164  8:45  Zergling x16  
  164  8:46  Hatchery  
  171  8:49  Muscular Augments  
  171  8:53  Zergling x14  
  178  8:59  Pneumatized Carapace  
  178  9:02  Zergling x8  
  182  9:05  Zerg Melee Weapons Level 1  
  182  9:11  Spore Crawler  
  182  9:13  Spine Crawler  
  180  9:18  Zergling x2  
  180  9:19  Zergling x10  
  186  9:26  Zergling x12  
  192  9:39  Zergling x14  
  192  9:40  Lurker  
  199  9:46  Baneling Nest  
  177  10:08  Zergling x2  
  177  10:09  Zergling x32  
  174  10:19  Zergling x2  
  174  10:20  Zergling x12  
  168  10:25  Zergling x4  
  166  10:29  Zergling x4  
  166  10:33  Zergling x6  
  162  10:36  Zergling x2  
  160  10:42  Queen  
  160  10:46  Zergling x6  
  160  10:47  Zergling x4  
  160  10:48  Lurker  
  160  10:49  Lurker x6  
  175  10:50  Lurker  
  175  10:51  Zergling x2  
  175  10:53  Ravager x5  
  175  10:57  Zergling x6  
  182  11:02  Zerg Melee Weapons Level 2  
  182  11:03  Zerg Missile Weapons Level 2  
  176  11:12  Zergling x2  
  176  11:13  Zergling x22  
  176  11:16  Zergling x8  
  176  11:17  Zergling x12  
  166  11:22  Zergling x2  
  166  11:23  Zergling x2  
  166  11:25  Hydralisk  
  150  11:28  Hydralisk x2  
  132  11:33  Hydralisk x2  
  132  11:35  Zergling x2  
  132  11:37  Zerg Flyer Weapons Level 1  
  132  11:39  Mutalisk x2  
  133  11:42  Hydralisk x9  
  133  11:45  Zergling x6  
  133  11:46  Zergling x2  
  160  11:47  Zergling x2  
  160  11:49  Hydralisk x2  
  160  11:52  Baneling x7  
  160  11:53  Baneling  
  164  11:57  Zergling x6  
  164  12:00  Zergling x4  
  167  12:05  Zergling x4  
  167  12:06  Zergling x4  
  166  12:08  Zergling x2  
  166  12:09  Zergling x2  
  166  12:11  Zergling x2  
  166  12:12  Zergling x20, Centrifical Hooks  
  179  12:17  Zergling x8  
  180  12:25  Zergling x6  
  180  12:28  Zergling x4  
  181  12:32  Zergling x2  
  182  12:39  Zergling x6  
  182  12:40  Zergling x8  
  182  12:42  Zergling x6  
  151  12:44  Hydralisk  
  151  12:49  Baneling x6  
  151  12:50  Baneling x3  
  151  12:51  Baneling x3  
  137  12:52  Zergling x6  
  138  12:59  Lurker x5  
  138  13:01  Zergling x8  
  138  13:05  Zergling x2  
  148  13:08  Zergling x6  
  151  13:15  Zergling x10  
  138  13:20  Zergling x2  
  138  13:23  Zergling x6  
  135  13:29  Zergling x8  
  132  13:37  Zergling x12  
  132  13:40  Zergling x2  
  130  13:45  Hydralisk  
  130  13:46  Zergling x4  
  121  13:53  Zergling x4  
  91  14:05  Lurker  
Show
View Real Time Build Order
Export as new Build Order

Probe Protoss - Winner!

Build Orders: 1 Gate Expand, Zealot Archon, Dark Templar Rush 

Get SALT Encoding   

  12  0:00  Probe (Chrono Boost)  
  13  0:11  Probe (Chrono Boost)  
  14  0:19  Pylon  
  14  0:22  Probe (Chrono Boost)  
  15  0:37  Probe (Chrono Boost)  
  15  0:40  Gateway  
  16  0:44  Assimilator  
  16  0:47  Probe (Chrono Boost)  
  17  0:55  Assimilator  
  17  0:58  Probe (Chrono Boost)  
  18  1:08  Probe (Chrono Boost)  
  19  1:22  Nexus  
  20  1:25  Probe (Chrono Boost)  
  20  1:35  Cybernetics Core  
  20  1:38  Probe (Chrono Boost)  
  21  1:45  Assimilator  
  21  1:49  Probe (Chrono Boost)  
  21  1:53  Pylon  
  22  1:59  Probe (Chrono Boost)  
  23  2:08  Adept  
  23  2:12  Warp Gate  
  23  2:13  Probe (Chrono Boost)  
  26  2:25  Probe (Chrono Boost)  
  27  2:33  Stalker  
  27  2:35  Mothership Core (Chrono Boost)  
  32  2:37  Probe (Chrono Boost)  
  32  2:47  Probe (Chrono Boost)  
  33  2:53  Probe (Chrono Boost)  
  33  2:58  Twilight Council, Probe (Chrono Boost)  
  35  3:04  Probe (Chrono Boost)  
  36  3:08  Probe (Chrono Boost)  
  35  3:14  Probe (Chrono Boost)  
  35  3:16  Robotics Facility  
  35  3:19  Probe (Chrono Boost)  
  37  3:25  Probe (Chrono Boost)  
  38  3:29  Probe (Chrono Boost)  
  38  3:31  Pylon  
  39  3:35  Probe (Chrono Boost)  
  39  3:40  Probe (Chrono Boost), Dark Shrine  
  41  3:46  Probe (Chrono Boost)  
  42  3:50  Probe (Chrono Boost)  
  42  3:53  Gateway  
  43  3:55  Gateway  
  43  3:56  Probe (Chrono Boost)  
  43  3:57  Gateway  
  43  4:00  Warp Prism  
  43  4:01  Probe (Chrono Boost)  
  48  4:10  Probe (Chrono Boost)  
  48  4:12  Assimilator, Probe (Chrono Boost)  
  48  4:15  Assimilator  
  49  4:18  Pylon  
  49  4:22  Probe x2 (Chrono Boost)  
  51  4:33  Probe (Chrono Boost)  
  51  4:34  Probe (Chrono Boost)  
  51  4:35  Pylon  
  53  4:41  Nexus  
  53  4:47  Probe (Chrono Boost)  
  54  4:58  Dark Templar x4  
  62  5:01  Probe (Chrono Boost)  
  62  5:03  Probe (Chrono Boost), Archon x2  
  62  5:06  Pylon  
  64  5:11  Probe (Chrono Boost)  
  64  5:12  Observer  
  64  5:13  Forge  
  66  5:15  Probe (Chrono Boost)  
  67  5:25  Probe (Chrono Boost)  
  69  5:29  Probe (Chrono Boost), Immortal  
  69  5:34  Sentry  
  69  5:35  Probe (Chrono Boost), Sentry  
  78  5:40  Gateway  
  78  5:42  Gateway  
  78  5:44  Pylon  
  78  5:48  Pylon  
  78  5:54  Probe x2 (Chrono Boost)  
  80  5:58  Probe (Chrono Boost)  
  80  6:03  Immortal, Protoss Ground Weapons Level 1  
  81  6:06  Blink, Probe (Chrono Boost)  
  87  6:11  Probe (Chrono Boost)  
  87  6:12  Probe (Chrono Boost)  
  87  6:17  Assimilator  
  89  6:18  Assimilator  
  89  6:19  Probe (Chrono Boost), Pylon  
  89  6:23  Probe (Chrono Boost)  
  91  6:26  Probe (Chrono Boost)  
  91  6:31  Probe (Chrono Boost)  
  92  6:33  Pylon  
  92  6:34  Pylon  
  92  6:35  Probe (Chrono Boost)  
  92  6:37  Immortal  
  92  6:38  Probe (Chrono Boost)  
  94  6:43  Probe (Chrono Boost)  
  100  6:47  Probe (Chrono Boost)  
  100  6:50  Probe (Chrono Boost)  
  102  6:55  Probe (Chrono Boost)  
  102  7:00  Probe (Chrono Boost)  
  102  7:01  Gateway x2  
  103  7:03  Gateway  
  103  7:05  Gateway  
  103  7:07  Probe (Chrono Boost)  
  103  7:08  Probe (Chrono Boost), Robotics Bay  
  105  7:09  Robotics Facility  
  105  7:19  Stalker x5  
  115  7:29  Probe (Chrono Boost)  
  118  7:30  Probe (Chrono Boost)  
  118  7:31  Probe (Chrono Boost)  
  112  7:40  Pylon x2  
  112  7:41  Probe (Chrono Boost)  
  112  7:42  Stalker  
  112  7:43  Stalker x5  
  121  7:54  Probe x2 (Chrono Boost)  
  122  7:58  Disruptor  
  122  7:59  Stalker  
  122  8:00  Stalker x2  
  122  8:01  Disruptor  
  133  8:08  Protoss Ground Weapons Level 2  
  133  8:20  Stalker  
  133  8:21  Stalker x2  
  139  8:32  Sentry x2  
  143  8:42  Disruptor  
  143  8:43  Disruptor  
  143  8:44  Pylon  
  143  8:46  Nexus  
  143  8:47  Pylon  
  143  8:48  Pylon  
  149  8:54  Pylon  
  149  8:56  Pylon x2  
  149  9:10  Pylon, Gateway  
  149  9:12  Pylon, Sentry x3  
  149  9:13  Stalker x2  
  159  9:23  Stalker x3  
  159  9:24  Stalker  
  165  9:28  Disruptor  
  165  9:30  Stalker  
  170  9:44  Stalker x4  
  178  9:47  Warp Prism  
  180  10:04  Disruptor  
  149  10:18  Disruptor  
  149  10:20  Stalker x8  
  139  10:35  Disruptor  
  136  10:44  Stalker x4  
  144  10:50  Assimilator  
  144  10:52  Assimilator  
  144  11:01  Nexus  
  144  11:02  Stalker  
  144  11:03  Stalker x5  
  140  11:25  Adept  
  140  11:26  Adept x6  
  145  11:42  Pylon, Adept x3  
  145  11:44  Pylon  
  151  11:48  Adept  
  152  11:54  Stalker x2  
  152  11:55  Stalker x2  
  160  12:07  Disruptor x2  
  160  12:10  Adept x6  
  178  12:18  Photon Cannon  
  178  12:20  Photon Cannon  
  178  12:21  Photon Cannon  
  176  12:22  Photon Cannon  
  176  12:26  Stalker x4  
  176  12:29  Resonating Glaives  
  184  12:43  Stalker x5  
  173  12:44  Disruptor  
  162  12:53  Dark Templar  
  164  13:00  Adept x4  
  172  13:06  Stalker  
  172  13:08  Stalker  
  171  13:25  Stalker x5  
  177  13:27  Probe (Chrono Boost)  
  171  13:41  Stalker  
  171  13:42  Stalker x2  
  171  13:43  Probe (Chrono Boost)  
  171  13:44  Probe (Chrono Boost)  
  148  13:55  Stalker  
  148  13:56  Stalker x2  
  146  14:03  Stalker  
  146  14:09  Stalker  
Tags
 
Add a new tag
Caveats
  • Supply blocks, unpowered buildings, or Contaminate may cause inaccurate times.
  • Supply counts are checked every 10 seconds.